AoeStats
← perromelocoton

Black Forest

506617974Analyzed
1v1 RM · 16d ago on Sep 14, 2026· 32m 36s· 2 players
Game mode
Random Map
Map size
Tiny (2 player)
Population
200
Speed
Normal
Resources
Standard
Victory
Conquest
Starting age
Dark Age
Ending age
Imperial Age
RankedLock teamsTeams togetherTeam positionsShared explorationLock speedFull tech treeHidden civsTurbo modeCheats
Victory
Defeat
🇨🇭 Cumans · Switzerland
856
+17
🇪🇸 Britons · Spain
877
-17
Sisyphedelamottas
0:35 Loom
12:47 Feudal Age
16:12 Double-Bit Axe
17:18 Fishing Lines
20:18 Horse Collar
22:36 Wheelbarrow
27:14 Castle Age
26:27 Bloodlines
26:30 Forging
26:26 Scale Barding Armor
26:49 Gold Mining
28:31 Bow Saw
29:02 Iron Casting
29:25 Gold Shaft Mining
28:56 Heavy Plow
28:44 Capped Ram
33:17 Hand Cart
perromelocoton
1:14 Loom
12:53 Feudal Age
13:33 Double-Bit Axe
18:00 Castle Age
16:48 Horse Collar
18:02 Man-at-Arms
19:10 Fishing Lines
19:43 Bow Saw
19:00 Long Swordsman
21:19 Arson
22:49 Gillnets
23:41 Scale Mail Armor
25:27 Wheelbarrow
25:28 Stone Mining
25:32 Gold Mining
31:07 Imperial Age
28:30 Fletching
28:29 Pikeman
29:25 Bodkin Arrow
29:31 Padded Archer Armor
30:44 Gambesons
31:35 Chain Mail Armor
31:31 Forging
32:11 Halberdier
Connection lost

Rejoining the realm…

Still unreachable

The connection could not be restored.

Session expired

The server has moved on; the page needs a fresh start.